 Dungeon Crawl Stone Soup version 0.17-a0-1450-g7e755d1 (webtiles) character file.

86 Sirial the Grasshopper (level 4, -2/37 HPs)
             Began as a Draconian Warper on June 30, 2015.
             Was a Follower of Kikubaaqudgha.
             Slain by an orc
             ... wielding a +0 flail
              (11 damage)
             ... on level 3 of the Dungeon.
             The game lasted 00:10:41 (2027 turns).

Sirial the Grasshopper (Draconian Warper)           Turns: 2027, Time: 00:10:41

Health: -2/37      AC:  5    Str: 14    XL:     4   Next: 27%
Magic:  6/7        EV: 13    Int: 14    God:    Kikubaaqudgha [*.....]
Gold:   123        SH:  0    Dex: 13    Spells: 3 memorised, 3 levels left

rFire  . . .     SeeInvis .     p - +0 whip (flame)
rCold  . . .     Clarity  .     (armour unavailable)
rNeg   . . .     SustAt   .     (no shield)
rPois  .         Gourm    .     (helmet restricted)
rElec  .         Spirit   .     (no cloak)
rCorr  .         Warding  .     (no gloves)
rMut   .         Stasis   .     (no boots)
MR     .....                    (no amulet)
Stlth  +.........               (no ring)
                                g - +3 ring of dexterity

@: not resistant to hostile enchantments, very unstealthy
A: unfitting armour, cold-blooded, AC +5
a: Receive Corpses, Renounce Religion


You were on level 3 of the Dungeon.
You worshipped Kikubaaqudgha.
Kikubaaqudgha was aware of your devotion.
You were not hungry.

You visited 1 branch of the dungeon, and saw 3 of its levels.

You collected 123 gold pieces.

Inventory:

Hand weapons
 a - a +0 short sword
 p - a +0 whip of flaming (weapon)
Missiles
 d - 5 tomahawks of dispersal (quivered)
 h - 37 arrows
Jewellery
 g - a +3 ring of dexterity (left hand)
Scrolls
 c - a scroll of blinking
 k - 3 scrolls of fog
 m - 2 scrolls of recharging
Potions
 f - a potion of curing {unknown}
 j - 3 potions of magic
 n - a potion of heal wounds {unknown}
Books
 b - a book of Spatial Translocations

   Spells                             Type                      Level
   a - Apportation                    Translocation                1
   b - Blink                          Translocation                2
   c - Shroud of Golubria             Charms/Translocation         2
   d - Portal Projectile              Translocation                3
   e - Teleport Other                 Translocation                3
   f - Passage of Golubria            Translocation                4
 o - Kikubaaqudgha's Handbook of Sinister Magic
   (Kikubaaqudgha gifted it to you on level 3 of the Dungeon)

   Spells                             Type                      Level
   a - Pain                           Necromancy                   1
   b - Corpse Rot                     Necromancy                   2
   c - Sublimation of Blood           Necromancy                   2
   d - Regeneration                   Charms/Necromancy            3
   e - Control Undead                 Necromancy                   4
Comestibles
 e - 3 bread rations
 i - 2 royal jellies
 l - a meat ration


   Skills:
 + Level 2.5 Fighting
 + Level 2.2 Short Blades
 + Level 1.0 Throwing
 + Level 3.1 Dodging
 + Level 2.3 Spellcasting
 + Level 3.7 Translocations


You had 3 spell levels left.
You knew the following spells:

 Your Spells              Type           Power        Failure   Level  Hunger
a - Apportation           Tloc           ##........   6%          1    #......
b - Blink                 Tloc           N/A          10%         2    ###....
c - Pain                  Necr           #...         24%         1    #......


Dungeon Overview and Level Annotations

Branches:
Dungeon (3/15)

Altars:
Kikubaaqudgha

Portals:
Sewer: D:3


Innate Abilities, Weirdness & Mutations

Your plain brown scales are hard (AC +5).
Your body does not fit into most forms of armour.
You are cold-blooded and may be slowed by cold attacks.


Message History

Casting: Pain
Confirm with . or Enter, or press ? or * to list all spells.
Aiming: Pain
Press: ? - help, Shift-Dir - straight line, f - orc
Aim: an orc, wielding a whip (chance to defeat MR: 52%)
The orc convulses in agony!
You hit the orc. You burn the orc.
The orc is almost dead.
The orc hits you with a whip.
The orc shouts!
You hit the orc. You burn the orc.
You kill the orc!
Kikubaaqudgha accepts your kill. The orc hits you with a flail!
* * * LOW HITPOINT WARNING * * *
You hit the orc. You burn the orc.
The orc is moderately wounded.
The orc closely misses you. The orc hits you with a flail!
You die...
Kikubaaqudgha rasps: "You have failed me!
Welcome... death!"

### ### ######.# #.#
.......####.#########
..8.................#####
.8.8...##........†.......
8._.8..##.#.####@o.....##
.8.8......#......o.....#
..8.........####.##.##.#
....)............. ... ..
####...##.####.... ......
#########<# .........$..
'.........# ....... ...##
########..###..#.### #.#
# #.........#


You could see 2 orcs.

Vanquished Creatures
  2 adders
  7 giant geckos
  3 orcs (D:3)
  5 hobgoblins
  12 jackals
  5 kobolds
  A ball python (D:2)
  7 bats
  4 giant newts
  4 goblins
  5 rats
55 creatures vanquished.

Notes
Turn   | Place    | Note
--------------------------------------------------------------
     0 | D:1      | Sirial the Draconian Warper began the quest for the Orb.
     0 | D:1      | Reached XP level 1. HP: 17/17 MP: 3/3
   229 | D:1      | Reached XP level 2. HP: 16/24 MP: 5/5
   717 | D:2      | Reached skill level 1 in Throwing
   916 | D:2      | Reached XP level 3. HP: 13/30 MP: 6/6
  1268 | D:2      | Learned a level 2 spell: Blink
  1749 | D:3      | Found a glowing drain.
  1862 | D:3      | Reached XP level 4. HP: 17/37 MP: 7/7
  1979 | D:3      | Found a faded altar to an unknown god.
  1991 | D:3      | Became a worshipper of Kikubaaqudgha
  1991 | D:3      | Acquired Kikubaaqudgha's first power
  1991 | D:3      | Received a gift from Kikubaaqudgha
  1994 | D:3      | Identified Kikubaaqudgha's Handbook of Sinister Magic (Kikubaaqudgha gifted it to you on level 3 of the Dungeon)
  1998 | D:3      | Learned a level 1 spell: Pain
  2027 | D:3      | Slain by an orc

Vault maps used:
D:1:      onia_arrival_mini_spirals, st_stairs_8, minmay_misc_feat_cross
D:2:      bh_walls_and_bars
D:3:      ecumenical_altar_2, gup_sewer_entry_pipe, uniq_sigmund, uniq_terence

Action                   |  1- 3 |  4- 6 || total
-------------------------+-------+-------++-------
Melee: Short sword       |   227 |    22 ||   249
       Whip              |       |     3 ||     3
 Cast: Blink             |    15 |       ||    15
       Pain              |       |     2 ||     2
  Use: Scroll            |     6 |       ||     6
       Potion            |     1 |       ||     1
 Stab: Sleeping          |       |     1 ||     1
  Eat: Meat ration       |     1 |       ||     1
